 Dungeon Crawl Stone Soup version 0.27-a0-1202-ge72e49191c (webtiles) character file.

Game seed: 5061586000417312928

99777 rjrrt the Impaler (level 15, -9/139 HPs)
             Began as a Minotaur Berserker on June 3, 2021.
             Was a High Priest of Trog.
             Killed from afar by Frances (13 damage)
             ... with an iron shot
             ... on level 1 of the Swamp.
             The game lasted 00:57:13 (32745 turns).

rjrrt the Impaler (Minotaur Berserker)             Turns: 32745, Time: 00:57:14

Health: -9/139     AC: 24    Str: 27    XL:     15   Next: 78%
Magic:  14/14      EV: 12    Int: 11    God:    Trog [*****.]
Gold:   4449       SH:  5    Dex: 11    Spells: 14/14 levels left

rFire    . . .     SeeInvis .   b - +1 broad axe (venom)
rCold    + . .     Faith    .   (no shield)
rNeg     . . .     Spirit   .   J - +1 plate armour "Hayfogh" {Int+7}
rPois    .         Reflect  +   R - +0 hat
rElec    .         Harm     .   P - +2 cloak
rCorr    .         Rampage  .   l - +0 pair of gloves
Will     ++...                  q - +0 pair of boots
Stlth    ..........             r - amulet of reflection
HPRegen  0.33/turn              C - ring of willpower
MPRegen  0.14/turn              A - ring of protection from cold

@: lethally poisoned (-9 -> -44)
A: horns 2, retaliatory headbutt
a: Renounce Religion, Berserk, Trog's Hand, Brothers in Arms


You were on level 1 of the Swamp.
You worshipped Trog.
Trog was extremely pleased with you.
You visited 4 branches of the dungeon, and saw 24 of its levels.
You also visited: Sewer and Bailey.

You collected 4449 gold pieces.

Inventory:

Hand Weapons
 a - a +3 glaive of flaming
 b - a +1 broad axe of venom (weapon)
 f - a +0 bardiche of freezing
Missiles
 p - 4 silver boomerangs
 v - 2 boomerangs of dispersal
 x - 76 poisoned darts (quivered)
 z - 11 atropa-tipped darts
 F - 8 curare-tipped darts
 G - 3 throwing nets
 I - 98 boomerangs
 Q - 4 javelins
Armour
 l - a +0 pair of gloves (worn)
 o - a +0 kite shield
 q - a +0 pair of boots (worn)
 J - the +1 plate armour "Hayfogh" (worn) {Int+7}
   (You found it on level 1 of the Lair of Beasts)

   It affects your intelligence (+7).
 P - a +2 cloak (worn)
 R - a +0 hat (worn)
Jewellery
 r - an amulet of reflection (around neck)
 A - a ring of protection from cold (right hand)
 C - a ring of willpower (left hand)
 N - a ring of resist corrosion
 O - a ring of protection from fire
Wands
 d - a wand of acid (6)
 n - a wand of iceblast (34)
 t - a wand of digging (1)
 y - a wand of mindburst (10)
 S - a wand of paralysis (6)
Scrolls
 h - 2 scrolls of magic mapping
 k - 4 scrolls of enchant weapon
 w - 10 scrolls of teleportation
 D - 3 scrolls of fog
 E - 4 scrolls of blinking
 H - 3 scrolls of enchant armour
 K - 5 scrolls of identify
 M - a scroll of brand weapon
 T - a scroll of holy word
Potions
 c - 4 potions of attraction
 e - 8 potions of heal wounds
 g - a potion of haste
 i - 5 potions of might
 j - 5 potions of flight
 m - 2 potions of resistance
 s - 6 potions of curing
 u - 5 potions of mutation
 B - 3 potions of invisibility
 L - 2 potions of lignification


   Skills:
 + Level 14.6 Fighting
 * Level 20.5 Polearms
 - Level 4.0 Throwing
 + Level 14.5 Armour
 + Level 13.0 Dodging
 - Level 4.0 Evocations


You had 14 spell levels left.
You didn't know any spells.
Your spell library was empty.

Dungeon Overview and Level Annotations

Branches:
Dungeon (15/15)            Temple (0/1) D:5            Lair (6/6) D:9
  Swamp (1/4) Lair:2        Snake (0/4) Lair:2        Slime (0/5) Lair:5
    Orc (2/2) D:10            Elf (0/3) Orc:2        Vaults (0/5) D:13
 Depths (0/5) D:15          Sewer (visited)          Bailey (visited)

Altars:
Ashenzari
Dithmenos
Wu Jian
Yredelemnul

Shops:
D:6 (   D:7 *   Orc:2 !!([?

Annotations:
Swamp:1 Frances


Innate Abilities, Weirdness & Mutations

You have a pair of horns on your head.
You reflexively headbutt those who attack you in melee.


Message History

The fenstrider witch gestures at you while chanting.
You resist with significant effort.
Unknown command.
You slash the fenstrider witch!
The fenstrider witch looks as sick as possible!
You headbutt the fenstrider witch.
The fenstrider witch is heavily wounded.
You feel sick.
The fenstrider witch casts a spell at you.
The toxic sludge hits you.
You are more poisoned.
Splash!
You fall into the toxic bog.
Moving in this stuff is going to be slow.
You barely miss the fenstrider witch.
Your headbutt misses the fenstrider witch.
The fenstrider witch is heavily wounded.
You fester in the toxic bog!
You are more poisoned.
You feel extremely sick.
The fenstrider witch points at you and mumbles some strange words.
Your body is wracked with pain!
Unknown command.
Unknown command.
Your deep troll goes berserk!
You fester in the toxic bog!
You are lethally poisoned!
* * * LOW HITPOINT WARNING * * *
x2 You feel extremely sick.
The fenstrider witch barely misses you.
The fenstrider witch kicks you but does no damage.
Frances chants phrases taken from a devil's mouth.
Frances seems to speed up.
The fenstrider witch hits you.
* * * LOW HITPOINT WARNING * * *
The fenstrider witch closely misses you.
* * * LOW HITPOINT WARNING * * *
You feel extremely sick.
Frances whispers indecipherable words.
The iron shot hits you!
You die...

.♣♣♣♣...≈≈≈.♣
≈≈......≈≈≈.♣
.....≈.....♣♣♣
♣≈.≈≈≈....≈.♣ ♣
♣.≈≈≈.≈≈.....
..♣♣.....≈≈...≈.
≈≈....≈≈@.≈≈.♣
≈≈≈≈..T..H§.≈♣
≈≈≈♣..@.♣♣♣♣♣
♣♣.≈≈.♣♣♣
♣≈.≈....♣ ♣♣♣
♣♣≈♣♣.≈.♣ ≈.♣
♣......♣♣..♣
♣♣.≈♣♣♣♣.).♣♣
♣♣♣≈♣♣♣≈...♣♣♣
♣≈..♣♣.≈≈...♣
♣.≈.♣≈≈≈≈..♣


You could see Frances (fast, ally target), a fenstrider witch (extremely
poisoned) and a friendly deep troll (summoned, berserk).

Vanquished Creatures
  Kirke (Lair:5)
  An orc warlord (Orc:2)
  Snorg (Lair:6)
  A shambling mangrove (Swamp:1)
  Harold (Lair:2)
  6 vault guards (D:13)
  6 centaur warriors
  9 hydras
  Erolcha (Orc:1)
  2 boulder beetles
  2 two-headed ogres
  4 catoblepae
  2 tengu warriors (D:13)
  10 death yaks
  A titan zombie (D:15)
  Urug (Lair:6)
  3 orc high priests
  2 skeletal warriors (D:15)
  A spark wasp zombie (D:15)
  A goliath frog (Swamp:1)
  2 bog bodies (Lair:2)
  A phantasmal warrior (D:15)
  2 orc knights
  2 deep elf pyromancers
  A necromancer (D:15)
  4 cyclopes
  An ugly thing (D:13)
  An oklob plant (Lair:1)
  3 orc sorcerers (Orc:2)
  A tengu skeleton (D:15)
  3 manticores
  An elephant (Lair:5)
  An ice statue (D:8)
  2 black mambas
  9 cane toads
  2 gargoyles
  An unseen horror (D:12)
  A yaktaur (shapeshifter) (D:15)
  A torpor snail (Lair:4)
  7 komodo dragons
  A yaktaur (D:15)
  4 rime drakes
  A guardian mummy (D:15)
  5 trolls
  A wolf spider simulacrum (D:15)
  5 tyrant leeches (Swamp:1)
  A polar bear (Lair:6)
  5 hornets
  25 blink frogs
  An ettin zombie (D:15)
  9 dream sheep (Lair:4)
  6 slime creatures
  2 spriggans (Swamp:1)
  2 wraiths
  A water elemental (D:14)
  A shadow (D:7)
  A wyvern (Lair:5)
  82 yaks
  3 hogs (Lair:5)
  5 basilisks
  A fire bat (shapeshifter) (D:13)
  9 vampire mosquitoes
  A swamp worm (Lair:2)
  Edmund (D:4)
  11 wargs
  2 nagas (Lair:2)
  An acid dragon (D:11)
  11 water moccasins
  An ice beast (D:5)
  18 orc warriors
  6 black bears
  A sky beast (D:8)
  2 necrophages
  4 ogres
  3 boggarts (D:14)
  12 centaurs
  19 wolves
  2 kobold brigands
  13 bullfrogs
  A gnoll sergeant (D:8)
  4 scorpions
  A water moccasin zombie (D:4)
  A wyvern skeleton (D:6)
  16 killer bees
  2 wights
  8 howler monkeys
  3 electric eels
  6 centaur zombies
  A bullfrog zombie (D:6)
  A human zombie (D:4)
  A centaur skeleton (D:7)
  A gnoll shaman (D:9)
  21 orc priests
  2 bullfrog skeletons (D:5)
  2 jellies
  An iguana (D:4)
  Ijyb (D:3)
  Natasha (thrice) (D:2)
  19 orc wizards
  2 scorpion zombies (D:4)
  2 killer bee zombies (D:6)
  3 mummies (D:4)
  A howler monkey zombie (D:9)
  24 gnolls
  2 howler monkey skeletons
  10 adders
  A river rat (D:6)
  An ufetubus (D:7)
  An adder zombie (D:4)
  2 worms (D:2)
  A dart slug (D:2)
  52 orcs
  15 ball pythons
  6 endoplasms
  4 giant cockroaches
  9 goblins
  18 hobgoblins
  6 jackals
  15 kobolds
  5 quokkas
  10 bats
  7 frilled lizards
  A quokka zombie (D:4)
  4 rats
  A fire vortex (Lair:4)
679 creatures vanquished.

Vanquished Creatures (collateral kills)
  A boulder beetle (D:15)
  2 vault guards (D:13)
  A two-headed ogre (D:13)
  2 orc high priests (Orc:2)
  3 skeletal warriors (D:15)
  2 oklob plants (Lair:1)
  2 orc sorcerers
  Prince Ribbit (D:7)
  A vampire (D:7)
  A steam dragon (D:7)
  6 orc warriors
  9 orc priests
  5 orc wizards (Orc:2)
  2 gnolls (Bailey)
  2 orcs (Orc:2)
  A kobold (Bailey)
41 creatures vanquished.

Vanquished Creatures (others)
  A human (Lair:5)
  An orc priest (Orc:2)
  3 orcs
  63 fungi
  90 plants
  2 withered plants (D:15)
160 creatures vanquished.

Grand Total: 880 creatures vanquished

Notes
Turn   | Place    | Note
-------+----------+-------------------------------------------
     0 | D:1      | rjrrt the Minotaur Berserker began the quest for the Orb.
     0 | D:1      | Reached XP level 1. HP: 19/19 MP: 0/0
    51 | D:1      | Reached skill level 4 in Polearms
   361 | D:1      | Reached XP level 2. HP: 26/26 MP: 1/1
   845 | D:2      | Reached skill level 5 in Polearms
   902 | D:2      | Reached ** piety under Trog
   903 | D:2      | Reached XP level 3. HP: 31/31 MP: 2/2
   976 | D:2      | Noticed Natasha
   994 | D:2      | Killed Natasha
  1206 | D:2      | You fall into a shaft and drop 2 floors!
  1208 | D:4      | Noticed Edmund
  1220 | D:4      | Killed Edmund
  1221 | D:4      | Reached skill level 7 in Polearms
  1221 | D:4      | Reached XP level 4. HP: 25/39 MP: 3/3
  1221 | D:4      | Reached XP level 5. HP: 28/45 MP: 4/4
  1785 | D:2      | Found a faded altar of an unknown god.
  1944 | D:2      | Found an ornate altar of the Wu Jian Council.
  2071 | D:2      | Noticed Natasha
  2082 | D:2      | Killed Natasha
  2083 | D:2      | Reached skill level 8 in Polearms
  2139 | D:2      | Noticed Natasha
  2143 | D:2      | Killed Natasha
  2144 | D:2      | Reached XP level 6. HP: 51/51 MP: 5/5
  2527 | D:3      | Reached *** piety under Trog
  2793 | D:3      | Noticed Ijyb
  2976 | D:3      | Killed Ijyb
  3257 | D:4      | Reached skill level 9 in Polearms
  3614 | D:4      | Reached XP level 7. HP: 59/59 MP: 6/6
  3890 | D:4      | Found a basalt altar of Yredelemnul.
  3905 | D:4      | Reached skill level 10 in Polearms
  4165 | D:5      | Entered Level 5 of the Dungeon
  4283 | D:5      | Reached skill level 5 in Fighting
  4373 | D:5      | Reached XP level 8. HP: 64/68 MP: 7/7
  4626 | D:5      | Found a staircase to the Ecumenical Temple.
  5302 | D:6      | Reached skill level 5 in Armour
  5471 | D:6      | Reached skill level 11 in Polearms
  5578 | D:6      | Reached **** piety under Trog
  5627 | D:6      | Found a glowing drain.
  5631 | Sewer    | Entered a sewer
  6723 | D:6      | Reached XP level 9. HP: 72/78 MP: 8/8
  6990 | D:6      | Found Peuduel's Antique Weapon Emporium.
  7154 | D:7      | Found Dudghef's Mayhem Merchandise.
  7639 | D:7      | Reached skill level 12 in Polearms
  7974 | D:7      | Found a broken altar of Ashenzari.
  8113 | D:7      | Noticed a troll
  8120 | D:7      | Reached skill level 5 in Dodging
  8125 | D:7      | Killed a troll
  8252 | D:7      | Noticed Prince Ribbit
  8257 | D:7      | Killed Prince Ribbit
  8718 | D:8      | Reached XP level 10. HP: 64/88 MP: 9/9
  8735 | D:8      | Reached skill level 13 in Polearms
  8755 | D:8      | Reached skill level 1 in Throwing
  8759 | D:8      | Reached skill level 1 in Evocations
  8908 | D:8      | Found a flagged portal.
  8929 | Bailey   | Entered a bailey
  9328 | Bailey   | Noticed an orc knight
  9338 | Bailey   | Killed an orc knight
 10149 | D:8      | Noticed an ice statue
 10157 | D:8      | Reached ***** piety under Trog
 10290 | D:8      | Identified a scroll of acquirement
 10290 | D:8      | Acquired 1085 gold pieces
 11227 | D:9      | Found a staircase to the Lair.
 11433 | D:9      | Reached XP level 11. HP: 97/97 MP: 10/10
 12094 | D:9      | Noticed a centaur warrior
 12105 | D:9      | Killed a centaur warrior
 12106 | D:9      | Reached skill level 14 in Polearms
 12271 | D:10     | Entered Level 10 of the Dungeon
 12280 | D:10     | Found a staircase to the Orcish Mines.
 12876 | D:10     | Received a gift from Trog
 13193 | Lair:1   | Entered Level 1 of the Lair of Beasts
 14191 | Lair:1   | Noticed a seven-headed hydra
 14209 | Lair:1   | Reached skill level 15 in Polearms
 14214 | Lair:1   | Killed a four-headed hydra
 14215 | Lair:1   | Reached skill level 10 in Fighting
 14526 | Lair:1   | Noticed an oklob plant
 14528 | Lair:1   | Noticed an oklob plant
 14528 | Lair:1   | Noticed an oklob plant
 14536 | Lair:1   | Killed an oklob plant
 14537 | Lair:1   | Reached XP level 12. HP: 91/106 MP: 11/11
 14561 | Lair:1   | Identified the +1 plate armour "Hayfogh" {Int+7}
 14812 | Lair:2   | Reached skill level 10 in Armour
 14814 | Lair:2   | Noticed a death yak
 14819 | Lair:2   | Noticed a death yak
 14825 | Lair:2   | Killed a death yak
 14831 | Lair:2   | Killed a death yak
 14922 | Lair:2   | Noticed a death yak
 14922 | Lair:2   | Noticed a death yak
 14930 | Lair:2   | Killed a death yak
 14934 | Lair:2   | Killed a death yak
 15130 | Lair:2   | Identified the +1 whip "Toqeehof" {antimagic, Str+5}
 15262 | Lair:2   | Noticed a four-headed hydra
 15267 | Lair:2   | Killed a two-headed hydra
 15268 | Lair:2   | Reached skill level 16 in Polearms
 15300 | Lair:2   | Found a staircase to the Snake Pit.
 15719 | Lair:2   | Received a gift from Trog
 15728 | Lair:2   | Found a staircase to the Swamp.
 16190 | Lair:2   | Noticed Harold
 16197 | Lair:2   | Killed Harold
 16651 | Lair:3   | Noticed a four-headed hydra
 16663 | Lair:3   | Killed a one-headed hydra
 16717 | Lair:3   | Reached XP level 13. HP: 103/116 MP: 12/12
 17014 | Lair:3   | Identified the +5 trident of Giyczer {flame, Int+3}
 17576 | Lair:4   | Reached skill level 17 in Polearms
 17779 | Lair:4   | Reached skill level 10 in Dodging
 19004 | Lair:5   | Found a staircase to the Slime Pits.
 19313 | Lair:5   | Acquired 1030 gold pieces
 19497 | Lair:5   | Noticed Kirke
 19516 | Lair:5   | Killed Kirke
 19700 | Lair:5   | Received a gift from Trog
 19829 | Lair:6   | Entered Level 6 of the Lair of Beasts
 20193 | Lair:6   | Reached skill level 18 in Polearms
 20774 | Lair:6   | Reached XP level 14. HP: 66/127 MP: 13/13
 21773 | Lair:6   | Noticed Snorg
 21782 | Lair:6   | Killed Snorg
 21845 | Lair:6   | Noticed Urug
 21854 | Lair:6   | Killed Urug
 22834 | D:11     | Found a shadowy altar of Dithmenos.
 24015 | D:12     | Reached skill level 19 in Polearms
 24931 | D:13     | Found a gate to the Vaults.
 25981 | Orc:1    | Entered Level 1 of the Orcish Mines
 26173 | Orc:2    | Entered Level 2 of the Orcish Mines
 26180 | Orc:2    | Received a gift from Trog
 26199 | Orc:1    | Noticed Erolcha
 26222 | Orc:1    | Killed Erolcha
 26223 | Orc:1    | Reached XP level 15. HP: 71/137 MP: 14/14
 27028 | Orc:2    | Paralysed by an orc sorcerer for 6 turns
 27336 | Orc:2    | Noticed an orc warlord
 27395 | Orc:2    | Killed an orc warlord
 28225 | Orc:2    | Found Wupomon's Distillery.
 28259 | Orc:2    | Received a gift from Trog
 28400 | Orc:2    | Found a staircase to the Elven Halls.
 28515 | Orc:2    | Found Xeosirot's Weapon Shop.
 28515 | Orc:2    | Found Evumei's Distillery.
 28518 | Orc:2    | Found Ystoal's Antique Armour Boutique.
 28550 | Orc:2    | Found Otzu's Magic Scroll Boutique.
 29542 | D:14     | Reached skill level 20 in Polearms
 30314 | D:15     | Entered Level 15 of the Dungeon
 30501 | D:15     | Found a staircase to the Depths.
 32082 | Swamp:1  | Entered Level 1 of the Swamp
 32737 | Swamp:1  | Noticed Frances
 32737 | Swamp:1  | Noticed a fenstrider witch
 32745 | Swamp:1  | HP: 4/139 [poison]
 32745 | Swamp:1  | Killed from afar by Frances

Illustrated notes

Levels and vault maps discovered:
D:1:      scummos_arrival_star, layout_loops_cross
D:2:      layout_loops_ring, hellmonk_ecumenical_altar_lost_god, basic_altar,
          uniq_natasha
D:3:      kennysheep_the_goblin_king, layout_rooms, nrook_uturn,
          minmay_misc_feat_pillars
D:4:      layout_loops_ring, lemuel_mausoleum_altar_yredelemnul, uniq_edmund
D:5:      layout_basic, minmay_temple_entry_tees, hangedman_glass_teeth
D:6:      layout_loops_ring, serial_shops, kennysheep_little_box,
          gup_sewer_entry_spiral
D:7:      layout_gridville, evilmike_ruin_ashenzari, minmay_shop_mayhem,
          minmay_shattered_shrine, uniq_prince_ribbit1
D:8:      lemuel_ice_statue, layout_cave_pods, enter_bailey_3
D:9:      layout_basic, due_lair_maze_entry_diamond, serial_curves,
          eino_curves_03, eino_curves_01, grunt_tough_drop
D:10:     layout_roguey, minmay_orc_entry_guard_dogs
D:11:     layout_rooms, grunt_dithmenos_smoke_and_mirrors
D:12:     layout_layer_cave
D:13:     layout_basic, erik_vaults_2
D:14:     layout_basic, grunt_decor_one_mirror, corner_web_ring
D:15:     gammafunk_depths_entry_grave, layout_cave_pods,
          nicolae_twisting_strands, minmay_misc_feat_enclosed
Lair:1:   layout_chaotic_city, serial_bayou_crossing, minmay_lair_oklob_chamber,
          grunt_megastairs_5
Lair:2:   layout_cave_pods, nicolae_swamp_entry_splash_gauntlet,
          guppyfry_snake_entry_garden, uniq_harold
Lair:3:   layout_small_grid
Lair:4:   layout_regular_city, amcnicky_mini_pool_medium
Lair:5:   layout_cave_pods, minmay_slime_entry_pillars,
          eino_small_chamber_without_monster, guppyfry_lair_drakes,
          grunt_megastairs_4, uniq_kirke
Lair:6:   evilmike_catoblepas_cave, layout_gridlike, uniq_snorg, uniq_urug
Swamp:1:  layout_basic_swamp, evilmike_swamp_ruin_house_2, uniq_frances
Orc:1:    layout_caves, nicolae_orc_sculptors_studio, uniq_erolcha
Orc:2:    st_orc_mages, layout_diamond_mine, serial_shops,
          nicolae_shop_window_shopping

Skill      XL: |  1  2  3  4  5  6  7  8  9 10 11 12 13 14 15 |
---------------+----------------------------------------------+-----
Polearms       | 4 5 7 8 9 10 11 12 13 15 16 18 19 20 | 20.5
Fighting       | 4 5 6 8 9 10 11 12 13 14 | 14.6
Armour         | 4 5 7 8 9 11 12 13 14 | 14.5
Dodging        | 3 5 6 8 9 10 12 13 | 13.0
Throwing       | 3 4 |  4.0
Evocations     | 2 4 |  4.0

Action                   |  1- 3 |  4- 6 |  7- 9 | 10-12 | 13-15 || total
-------------------------+-------+-------+-------+-------+-------++-------
Melee: Spear             |    88 |   126 |   351 |    64 |       ||   629
       Headbutt          |     6 |    12 |    52 |    85 |   203 ||   358
       Halberd           |       |       |       |   259 |       ||   259
       Glaive            |       |       |       |   266 |   940 ||  1206
       Broad axe         |       |       |       |       |    86 ||    86
Throw: Boomerang         |       |     1 |     1 |       |       ||     2
       Dart              |       |       |     5 |    10 |     8 ||    23
Invok: Berserk           |     1 |     3 |     9 |     7 |     8 ||    28
       Brothers in Arms  |       |       |     1 |     2 |     9 ||    12
       Trog's Hand       |       |       |       |     1 |     2 ||     3
  Use: Scroll            |       |       |    19 |     8 |     4 ||    31
       Potion            |       |       |       |       |     3 ||     3
 Stab: Distracted        |       |       |     1 |       |       ||     1
       Petrified         |       |       |       |       |     6 ||     6
Armor: Ring mail         |    16 |     3 |       |       |       ||    19
       Scale mail        |       |    13 |    29 |       |       ||    42
       Chain mail        |       |       |    27 |    23 |       ||    50
       Plate armour      |       |       |       |   176 |   403 ||   579
Dodge: Dodged            |    28 |    43 |    53 |   169 |   312 ||   605
Block: Other             |       |    11 |    33 |    86 |   157 ||   287
       Reflection        |       |       |     1 |     5 |     6 ||    12

Table legend: (Time is in decaauts)
 A = Elapsed time spent in this place.
 B = Non-inter-level travel time spent in this place.
 C = Inter-level travel time spent in this place.
 D = Time resting spent in this place.
 E = Time spent auto-exploring this place.
 F = Levels seen in this place.
 G = Mean time per level.
                   A        B        C        D        E       F      G
               +--------+--------+--------+--------+--------+-----+--------+
         Total |  32591 |  30897 |   1694 |   6821 |  18470 |  26 | 1253.5 |
       Dungeon |  18901 |  17736 |   1165 |   2913 |  11802 |  15 | 1260.1 |
          Lair |   9211 |   8792 |    419 |   1828 |   5461 |   6 | 1535.2 |
         Swamp |    664 |    664 |      0 |    376 |    187 |   1 |  664.0 |
  Orcish Mines |   2849 |   2739 |    110 |   1273 |    936 |   2 | 1424.5 |
         Sewer |    272 |    272 |      0 |    136 |     56 |   1 |  272.0 |
        Bailey |    692 |    692 |      0 |    293 |     27 |   1 |  692.0 |
               +--------+--------+--------+--------+--------+-----+--------+

Top non-repeatable levels by time:
  Lair:6: 2141 daAuts
     D:6: 2058 daAuts
  Lair:2: 1710 daAuts
  Lair:1: 1694 daAuts
     D:8: 1663 daAuts
   Orc:1: 1576 daAuts
     D:4: 1488 daAuts
     D:9: 1482 daAuts
    D:15: 1472 daAuts
    D:13: 1451 daAuts
    D:12: 1371 daAuts
    D:14: 1366 daAuts
  Lair:3: 1345 daAuts
   Orc:2: 1272 daAuts
  Lair:4: 1223 daAuts
